Map: Cerulean Fall LE

Players

Sugar

  • Race: Terran Terran
  • Spawn Location: 1:00

jheffe - Winner!

  • Race: Terran Terran
  • Spawn Location: 7:00

Event: WCS Montreal 2018

VOD

Have the link to the VOD?

Description

Time

  • Played on: Sept. 7, 2018, 1:19 p.m.
  • Length: 8:37

All games in this series

Show
View Real Time Build Order
Export as new Build Order

Sugar Terran 

Build Orders: 1/1/1, Cyclone Opening 

Get SALT Encoding   

  12  0:00  SCV  
  13  0:13  SCV  
  14  0:17  Supply Depot  
  14  0:25  SCV  
  14  0:28  Refinery  
  15  0:39  SCV  
  16  0:45  Barracks  
  16  0:51  SCV  
  17  0:58  Refinery  
  17  1:03  SCV  
  18  1:15  SCV  
  19  1:33  Factory  
  19  1:36  Reaper  
  20  1:40  Orbital Command  
  20  1:48  Supply Depot  
  20  2:06  SCV  
  20  2:08  Reaper  
  22  2:17  Hellion  
  22  2:18  Starport  
  24  2:24  SCV  
  24  2:27  Starport  
  24  2:36  SCV  
  25  2:38  Supply Depot  
  25  2:40  Barracks Tech Lab  
  25  2:47  Cyclone  
  25  2:49  SCV  
  29  3:02  SCV  
  30  3:18  Banshee, Cloaking Field  
  31  3:24  SCV  
  32  3:36  Command Center  
  32  3:40  Barracks Reactor  
  29  4:05  Banshee  
  32  4:10  Factory Tech Lab  
  32  4:17  Marine x2  
  32  4:18  SCV  
  35  4:29  Siege Tank  
  35  4:30  Command Center  
  38  4:36  Engineering Bay  
  33  4:54  SCV  
  33  4:56  Orbital Command  
  33  4:57  Viking  
  33  4:58  Marine x2  
  37  5:06  Missile Turret  
  37  5:08  Missile Turret  
  37  5:11  SCV  
  33  5:22  SCV  
  31  5:32  SCV  
  31  5:34  Marine  
  33  5:39  SCV  
  34  5:44  SCV  
  34  5:48  Orbital Command  
  35  5:52  SCV  
  36  6:03  Starport Reactor  
  36  6:04  Barracks  
  36  6:05  SCV  
  36  6:07  Barracks  
  36  6:08  SCV  
  38  6:14  SCV, Stimpack  
  38  6:16  Marine  
  40  6:25  SCV  
  41  6:30  Siege Tank  
  44  6:34  SCV x2, Marine  
  44  6:38  SCV  
  48  6:46  SCV  
  49  6:47  SCV  
  49  6:48  Starport Reactor  
  49  6:50  Supply Depot  
  49  6:53  Marine x2  
  49  6:54  Barracks  
  52  6:55  Barracks  
  52  6:58  SCV  
  53  7:02  Siege Tank, Marine x2  
  53  7:05  Marine  
  53  7:06  SCV  
  53  7:07  SCV  
  60  7:14  Marine  
  61  7:18  SCV  
  61  7:19  SCV, Marine  
  64  7:28  Marine  
  64  7:29  Marine  
  65  7:31  Medivac x2, SCV  
  65  7:34  Engineering Bay, Armory  
  69  7:39  SCV x2  
  69  7:41  Refinery, Marine  
  69  7:43  SCV, Marine, Refinery  
  74  7:44  Barracks Reactor  
  74  7:51  SCV x2  
  75  7:55  Marine  
  75  7:56  SCV  
  77  8:07  SCV  
  77  8:15  Supply Depot  
  77  8:16  Supply Depot  
  77  8:17  Supply Depot  
Show
View Real Time Build Order
Export as new Build Order

jheffe Terran - Winner!

Build Orders: Gas First Reaper Expand, Reaper Expand, Banshee Rush 

Get SALT Encoding   

  12  0:01  SCV  
  13  0:13  SCV  
  14  0:17  Supply Depot  
  14  0:25  SCV  
  15  0:33  Refinery  
  15  0:39  SCV  
  16  0:45  Barracks  
  16  0:51  SCV  
  17  1:03  SCV  
  18  1:15  SCV  
  19  1:32  Reaper, Orbital Command  
  20  1:44  Command Center  
  20  1:55  Factory  
  20  1:59  SCV  
  21  2:05  Refinery  
  21  2:11  SCV, Barracks Reactor  
  22  2:16  Supply Depot  
  22  2:23  SCV  
  23  2:38  SCV  
  23  2:43  Hellion  
  26  2:48  Starport, Marine x2  
  26  2:50  SCV  
  29  2:56  Orbital Command  
  29  3:03  SCV  
  30  3:06  Marine x2  
  30  3:11  Factory Tech Lab  
  32  3:15  SCV  
  33  3:25  Marine x2  
  33  3:26  SCV  
  36  3:27  SCV  
  37  3:38  SCV  
  37  3:40  SCV  
  39  3:43  Marine  
  39  3:44  Bunker, Marine, Supply Depot  
  39  3:50  Banshee, SCV  
  43  3:55  Cloaking Field  
  43  3:57  Factory Tech Lab  
  42  4:05  SCV  
  42  4:06  Engineering Bay  
  42  4:07  Marine x2  
  42  4:09  SCV  
  46  4:13  Supply Depot  
  46  4:16  Cyclone  
  49  4:23  SCV  
  50  4:25  Marine  
  51  4:33  Raven  
  53  4:39  SCV  
  53  4:40  Marine  
  53  4:43  Missile Turret, Marine  
  53  4:44  Missile Turret  
  53  4:54  SCV  
  53  4:56  Siege Tank  
  56  5:02  SCV  
  57  5:12  SCV  
  58  5:14  Command Center  
  55  5:31  Siege Tank  
  55  5:32  Starport Reactor  
  55  5:34  SCV  
  56  5:37  SCV  
  56  5:38  Barracks  
  56  5:40  Barracks  
  55  5:43  Marine  
  55  5:44  Stimpack  
  55  5:46  SCV  
  55  5:49  SCV  
  58  5:51  Refinery  
  58  5:58  SCV  
  58  5:59  Refinery  
  58  6:01  SCV, Marine  
  61  6:10  Engineering Bay, SCV  
  62  6:16  SCV, Siege Tank  
  62  6:17  Starport Reactor  
  66  6:22  SCV  
  66  6:24  Marine  
  68  6:28  SCV, Orbital Command  
  68  6:30  Marine x2  
  68  6:32  Supply Depot  
  71  6:34  SCV  
  71  6:38  Terran Infantry Armor Level 1, Terran Infantry Weapons Level 1  
  72  6:41  SCV  
  72  6:42  Marine  
  72  6:44  Marine  
  72  6:45  Marine  
  76  6:48  SCV, Siege Tank  
  76  6:51  Orbital Command  
  80  6:59  SCV  
  80  7:00  Marine x3  
  84  7:01  Medivac  
  84  7:02  Marine  
  84  7:03  Medivac  
  89  7:09  SCV  
  89  7:14  SCV  
  89  7:16  Marine  
  89  7:18  SCV  
  89  7:21  SCV  
  91  7:23  Supply Depot  
  91  7:24  Barracks  
  91  7:26  Barracks  
  91  7:28  Missile Turret  
  89  7:31  SCV x2  
  89  7:33  SCV  
  91  7:40  Marine  
  91  7:41  Marine  
  94  7:44  SCV  
  94  7:46  Viking x2  
  94  7:49  SCV, Missile Turret  
  94  7:51  Missile Turret  
  99  7:55  SCV, Armory  
  100  8:06  Marine x2  
  100  8:07  Marine  
  100  8:09  Marine  
  104  8:14  Barracks Reactor x2, SCV  
  104  8:16  SCV  
  106  8:20  SCV  
Tags
 
Add a new tag
Caveats
  • Supply blocks, unpowered buildings, or Contaminate may cause inaccurate times.
  • Supply counts are checked every 10 seconds.